 Dungeon Crawl Stone Soup version 0.28.0-45-g0d030f2227 (webtiles) character file.

Game seed: 1472976830408764055

13935 Descartes the Brawler (level 11, -1/102 HPs)
             Began as a Troll Delver on Apr 13, 2022.
             Was the Champion of Jiyva.
             Slain by a manticore (19 damage)
             ... on level 12 of the Dungeon.
             The game lasted 00:18:01 (9688 turns).

Descartes the Brawler (Troll Delver)                Turns: 9688, Time: 00:18:03

Health: -1/102     AC: 10    Str: 26    XL:     11   Next: 82%
Magic:  10/10      EV: 10    Int: 16    God:    Jiyva [******]
Gold:   854        SH:  0    Dex: 11    Spells: 3/10 levels left

rFire   . . .      SeeInvis .     - Unarmed
rCold   . . .      Faith    .   (no shield)
rNeg    . . .      Spirit   .   L - +0 acid dragon scales
rPois   .          Reflect  .   (helmet restricted)
rElec   .          Harm     .   (no cloak)
rCorr   +          Rampage  .   (gloves unavailable)
Will    .....      Clarity  +   (boots unavailable)
Stlth   +++.......              M - amulet of magic regeneration
HPRegen 2.67/turn               t - +6 ring of intelligence
MPRegen 1.02/turn               (no ring)

@: spiked
A: large, unfitting armour, claws 3, regeneration 1, shaggy fur 1, tough skin 1,
antennae 1, hooves 1, iridescent scales 1, clarity, strong 2, wild magic 1,
eyeballs 2, translucent skin 2, engulf
a: Renounce Religion, Oozemancy, Slimify


You were on level 12 of the Dungeon.
You worshipped Jiyva.
Jiyva was exalted by your worship.
You visited 2 branches of the dungeon, and saw 13 of its levels.
You also visited: Sewer and Ossuary.

You collected 889 gold pieces.
You paid 35 gold pieces to Gozag.

Inventory:

Hand Weapons
 r - a +2 hand axe of venom
Missiles
 s - 4 throwing nets (quivered)
 E - 14 poisoned darts
 F - 10 boomerangs
 H - a boomerang of dispersal
 N - 9 large rocks
Armour
 C - +0 steam dragon scales
 J - a +0 kite shield
 L - +0 acid dragon scales (worn)
Jewellery
 t - a +6 ring of intelligence (left claw)
 M - an amulet of magic regeneration (around neck)
Wands
 f - a wand of digging (3)
 D - a wand of mindburst (15)
Scrolls
 a - a scroll of torment {unknown}
 b - 2 scrolls of fog
 d - 5 scrolls of fear
 h - a scroll of vulnerability
 k - 6 scrolls of identify
 l - 5 scrolls of teleportation
 q - 4 scrolls of enchant weapon
 v - a scroll of magic mapping
 w - a scroll of brand weapon {unknown}
 y - 2 scrolls of amnesia
 G - a scroll of blinking {unknown}
 I - a scroll of enchant armour {unknown}
 K - a scroll of immolation {unknown}
Potions
 c - 2 potions of invisibility {unknown}
 e - 4 potions of haste
 g - 3 potions of mutation {unknown}
 i - 9 potions of heal wounds {unknown}
 j - 5 potions of curing
 m - 5 potions of resistance {unknown}
 n - 3 potions of ambrosia {unknown}
 o - a potion of brilliance {unknown}
 p - 2 potions of flight {unknown}
 u - a potion of berserk rage {unknown}
 x - 3 potions of attraction {unknown}
 z - 3 potions of magic {unknown}
 A - a potion of cancellation {unknown}
 B - a potion of lignification {unknown}


   Skills:
 - Level 5.0 Fighting
 - Level 5.0 Dodging
 - Level 2.7 Stealth
 + Level 5.3 Shields
 - Level 15.0 Unarmed Combat
 + Level 4.9 Translocations


You had 3 spell levels left.
You knew the following spells:

 Your Spells              Type           Power      Damage    Failure   Level
a - Manifold Assault      Tloc           20%        N/A       82%         5
b - Blink                 Tloc           40%        N/A       10%         2

Your spell library contained the following spells:

 Spells                   Type           Power      Damage    Failure   Level
 Apportation              Tloc           40%        N/A       7%          1
 Lesser Beckoning         Tloc           20%        N/A       17%         3
 Shock                    Conj/Air       0%         1d3       38%         1
 Summon Small Mammal      Summ           0%         N/A       38%         1
 Ensorcelled Hibernation  Hex/Ice        0%         N/A       52%         2
 Sublimation of Blood     Necr           0%         N/A       52%         2
 Wereblood                Tmut           0%         N/A       52%         2
 Call Canine Familiar     Summ           0%         N/A       75%         3
 Spider Form              Tmut/Pois      0%         N/A       75%         3
 Summon Guardian Golem    Hex/Summ       0%         N/A       75%         3
 Swiftness                Air            0%         N/A       75%         3
 Airstrike                Air            0%         N/A       98%         4
 Anguish                  Hex/Necr       0%         N/A       98%         4
 Alistair's Intoxication  Tmut/Pois      0%         N/A       100%        5
 Summon Hydra             Summ           0%         N/A       100%        7


Dungeon Overview and Level Annotations

Branches:
Dungeon (12/15)            Temple (1/1) D:7            Lair (0/6) D:10
    Orc (0/2) D:12          Sewer (visited)         Ossuary (visited)

Altars:
Ashenzari
Cheibriados
Dithmenos
Elyvilon
Fedhas
Gozag
Hepliaklqana
Kikubaaqudgha
Makhleb
Nemelex Xobeh
Okawaru
Qazlal
Ru
Sif Muna
Trog
Uskayaw
Vehumet
Wu Jian
Xom
Yredelemnul
Zin
The Shining One

Shops:
D:4 *


Innate Abilities, Weirdness & Mutations

You are too large for most types of armour.
You have claws for hands.
Your natural rate of healing is unusually fast.
You are covered in fur. (AC +1)
You have tough skin. (AC +1)
You have a pair of small antennae on your head.
You have large cloven feet.
You are partially covered in iridescent scales. (AC +2)
You possess an exceptional clarity of mind.
Your muscles are very strong. (Str +4)
Your spells are a little harder to cast, but a little more powerful.
Your body has grown many eyes which may confuse attackers. (Acc +5)
Your translucent skin reduces your foes' accuracy. (Stealth+)
Your melee attacks may engulf your foes in ooze.


Message History

The barbed spikes become lodged in your body.
The centaur shoots an arrow.
The arrow hits you.
Aiming: Mindburst
Press: ? - help, Shift-Dir - straight line, f - centaur
Aim: a centaur, wielding a +0 shortbow and quivering arrows (chance to affect: 64%)
The centaur's mind is blasted!!
The centaur shoots an arrow.
The arrow hits you.
The centaur shoots an arrow.
The arrow closely misses you.
The centaur shoots an arrow.
The arrow closely misses you.
The centaur shoots an arrow.
The arrow closely misses you.
Aiming: Mindburst
Press: ? - help, Shift-Dir - straight line, f - centaur, p - centaur
Aim: a centaur, wielding a +0 shortbow and quivering arrows (chance to affect: 64%)
The centaur struggles to resist.
The manticore bites you! The manticore barely misses you.
The manticore claws you but does no damage.
You mangle the centaur!!
You kill the centaur!
The manticore bites you!
The manticore claws you but does no damage.
The manticore claws you!
You barely miss the manticore.
Unknown command.
You scratch the manticore. You kick the manticore.
The manticore is lightly wounded.
The manticore bites you!
* * * LOW HITPOINT WARNING * * *
The manticore claws you.
* * * LOW HITPOINT WARNING * * *
The manticore barely misses you.
You barely miss the manticore.
The manticore is lightly wounded.
The manticore barely misses you.
The manticore claws you but does no damage. x2
Unknown command.
You claw the centaur!
You engulf the centaur in ooze!
You kick the centaur, but do no damage.
The centaur is severely wounded.
The centaur unwields a +0 shortbow.
The centaur closely misses you. x2
The manticore bites you!!
You die...

#..........##.#.# ...
#..........#....# ....
######.....#....###...
...........'.........
###.##.....#.......#
...........+.......#####
#.......≈..#............
#.......................
#......≈....####@c......
.......≈....# #Hc......
.##.#..≈≈...# .........
.#.....≈....# ..........
#..........#...........
...........#...........
.#..........#...........
#......#.###


You could see a manticore and 2 centaurs.

Vanquished Creatures
  Harold (D:7)
  6 two-headed ogres
  A tengu warrior (D:11)
  Pikel (D:6)
  An ugly thing (D:12)
  A manticore (D:12)
  2 cyclopes
  A gargoyle (D:12)
  Grinder (D:5)
  A merfolk (D:10)
  2 hornets
  A shadow (D:10)
  A wraith (D:9)
  Sigmund (D:3)
  Grum (D:7)
  A vampire (D:12)
  2 steam dragons
  4 vampire mosquitoes (D:12)
  3 wargs (D:10)
  A water moccasin (D:8)
  3 acid dragons (D:11)
  3 orc warriors
  An ice beast (D:6)
  3 ogres
  A sky beast (D:7)
  5 centaurs
  2 lemures (D:6)
  2 kobold brigands
  3 gnoll sergeants (D:7)
  A bullfrog (D:9)
  2 wyvern zombies
  A scorpion (D:6)
  A water moccasin zombie (D:5)
  4 howler monkeys (D:7)
  2 centaur zombies
  10 hounds (D:7)
  2 gnoll shamans (D:7)
  8 orc priests
  3 jellies
  2 iguanas (D:6)
  12 orc wizards
  A hound zombie (D:5)
  A hound skeleton (D:5)
  14 mummies
  A howler monkey zombie (D:10)
  10 adders
  16 gnolls
  3 howler monkey skeletons
  A river rat (Sewer)
  A shadow imp (D:7)
  A white imp (D:5)
  An ufetubus (D:5)
  2 worms
  25 orcs
  7 endoplasms (Sewer)
  9 giant cockroaches
  4 goblins
  4 hobgoblins
  6 jackals
  5 quokkas
  8 ball pythons
  7 bats
  8 frilled lizards
  2 gnoll skeletons (Ossuary)
  A goblin skeleton (Ossuary)
  13 kobolds
  2 kobold skeletons (Ossuary)
  3 orc skeletons (Ossuary)
  13 rats
  11 rat skeletons (Ossuary)
284 creatures vanquished.

Vanquished Creatures (others)
  Maggie (D:6)
  A water moccasin (D:6)
  A lemure (D:6)
  A centaur (D:6)
  2 howler monkeys (D:12)
  5 jellies
  An iguana (D:6)
  2 orc wizards
  An adder (D:3)
  A dart slug (D:3)
  An orc (D:10)
  2 endoplasms
  A giant cockroach (D:1)
  2 goblins
  2 hobgoblins
  A jackal (D:3)
  3 ball pythons
  6 bats
  4 kobolds (D:6)
  A rat (D:1)
  3 fungi (D:10)
  2 plants (D:10)
  3 toadstools (D:10)
47 creatures vanquished.

Grand Total: 331 creatures vanquished

Notes
Turn   | Place    | Note
-------+----------+-------------------------------------------
     0 | D:5      | Descartes the Troll Delver began the quest for the Orb.
     0 | D:5      | Reached XP level 1. HP: 22/22 MP: 0/0
    26 | D:5      | Found a sand-covered staircase.
    35 | D:5      | Reached XP level 2. HP: 29/29 MP: 1/1
    37 | Ossuary  | Entered an ossuary
   110 | Ossuary  | Reached XP level 3. HP: 36/36 MP: 2/2
   164 | Ossuary  | Reached skill level 3 in Unarmed Combat
   164 | Ossuary  | Reached XP level 4. HP: 37/45 MP: 3/3
   308 | Ossuary  | Reached XP level 5. HP: 53/53 MP: 4/4
   545 | D:5      | Noticed an ogre
   566 | D:5      | Killed an ogre
   567 | D:5      | Reached skill level 4 in Unarmed Combat
   567 | D:5      | Reached XP level 6. HP: 27/62 MP: 5/5
  1059 | D:5      | Reached XP level 7. HP: 43/71 MP: 6/6
  1111 | D:5      | Noticed Grinder
  1131 | D:5      | Killed Grinder
  1132 | D:5      | Reached skill level 5 in Unarmed Combat
  1292 | D:4      | Found Gozag's Platinum Reserve.
  1300 | D:4      | Found an opulent altar of Gozag.
  1331 | D:4      | Became a worshipper of Gozag Ym Sagoz the Greedy
  1416 | D:4      | Found a glowing drain.
  1450 | Sewer    | Entered a sewer
  1642 | Sewer    | Found a viscous altar of Jiyva.
  1830 | Sewer    | Fell from the grace of Gozag
  1830 | Sewer    | Became a worshipper of Jiyva Jareer the Shapeless
  1908 | D:4      | Reached skill level 5 in Fighting
  2224 | D:3      | Reached * piety under Jiyva
  2248 | D:3      | Found a stormy altar of Qazlal.
  2461 | D:3      | Noticed Sigmund
  2466 | D:3      | Killed Sigmund
  2467 | D:3      | Reached skill level 6 in Unarmed Combat
  2467 | D:3      | Reached XP level 8. HP: 77/80 MP: 7/7
  2541 | D:3      | Reached skill level 5 in Dodging
  2640 | D:3      | Found a hide-covered altar of Uskayaw.
  2642 | D:3      | Found a shimmering altar of Xom.
  3029 | D:2      | Reached ** piety under Jiyva
  3795 | D:1      | Reached *** piety under Jiyva
  3795 | D:1      | Gained mutation: Your body has grown eyes which may confuse
                  | attackers. (Acc +3) [Jiyva's grace]
  3795 | D:1      | Gained mutation: Your body has grown many eyes which may
                  | confuse attackers. (Acc +5) [Jiyva's grace]
  3795 | D:1      | Gained mutation: Your body is covered in eyes which may
                  | confuse attackers. (Acc +7, SInv) [Jiyva's grace]
  3795 | D:1      | Gained mutation: You have large cloven feet. [Jiyva's
                  | grace]
  3941 | D:1      | Found a faded altar of an unknown god.
  4109 | D:1      | Learned a level 5 spell: Manifold Assault
  4112 | D:1      | Learned a level 2 spell: Blink
  4640 | D:6      | Reached skill level 7 in Unarmed Combat
  4650 | D:6      | Noticed Pikel
  4681 | D:6      | Killed Pikel
  4682 | D:6      | Reached skill level 8 in Unarmed Combat
  4688 | D:6      | Was forgiven by Gozag
  4688 | D:6      | Reached skill level 9 in Unarmed Combat
  4755 | D:6      | Reached **** piety under Jiyva
  4770 | D:6      | Reached XP level 9. HP: 88/88 MP: 8/8
  4844 | D:6      | Noticed Maggie
  4878 | D:6      | Killed Maggie
  4972 | D:6      | Reached skill level 10 in Unarmed Combat
  5285 | D:6      | Found a sparkling altar of Nemelex Xobeh.
  5430 | D:6      | Gained mutation: Your spells are a little harder to cast,
                  | but a little more powerful. [Jiyva's grace]
  5430 | D:6      | Gained mutation: Your spells are harder to cast, but more
                  | powerful. [Jiyva's grace]
  5430 | D:6      | Gained mutation: Your spells are much harder to cast, but
                  | much more powerful. [Jiyva's grace]
  5430 | D:6      | Gained mutation: You are partially covered in iridescent
                  | scales. (AC +2) [Jiyva's grace]
  5565 | D:7      | Noticed Harold
  5569 | D:7      | Reached ***** piety under Jiyva
  5727 | D:7      | Killed Harold
  5728 | D:7      | Reached skill level 11 in Unarmed Combat
  5735 | D:7      | Reached skill level 12 in Unarmed Combat
  5863 | D:7      | You fall into a shaft and drop 3 floors!
  5863 | D:10     | Entered Level 10 of the Dungeon
  5894 | D:10     | Found a staircase to the Lair.
  5901 | D:10     | Reached XP level 10. HP: 68/96 MP: 9/9
  6049 | D:10     | Noticed a two-headed ogre
  6052 | D:10     | Noticed a two-headed ogre
  6057 | D:10     | Killed a two-headed ogre
  6058 | D:10     | Reached skill level 13 in Unarmed Combat
  6064 | D:10     | Killed a two-headed ogre
  6065 | D:10     | Reached skill level 14 in Unarmed Combat
  6146 | D:9      | Identified the +2 scale mail "Kusaetom" {Harm rN+ Str-5
                  | Dex+3}
  6352 | D:8      | Found a basalt altar of Yredelemnul.
  6663 | D:8      | Found an ornate altar of the Wu Jian Council.
  6663 | D:8      | Found a white marble altar of Elyvilon.
  6663 | D:8      | Found a glowing silver altar of Zin.
  7075 | D:7      | Lost mutation: Your spells are much harder to cast, but
                  | much more powerful. [Jiyva's grace]
  7075 | D:7      | Gained mutation: You expend magic power (3 MP) to
                  | strengthen your wands. [Jiyva's grace]
  7075 | D:7      | Gained mutation: Your muscles are strong. (Str +2) [Jiyva's
                  | grace]
  7075 | D:7      | Gained mutation: Your muscles are very strong. (Str +4)
                  | [Jiyva's grace]
  7075 | D:7      | Gained mutation: You have a pair of small antennae on your
                  | head. [Jiyva's grace]
  7082 | D:7      | Found a staircase to the Ecumenical Temple.
  7107 | D:7      | Found a glowing golden altar of the Shining One.
  7123 | D:7      | Reached ****** piety under Jiyva
  7187 | D:7      | Noticed Grum
  7193 | D:7      | Killed Grum
  7521 | Temple   | Entered the Ecumenical Temple
  7869 | D:9      | Noticed a two-headed ogre
  7869 | D:9      | Noticed a two-headed ogre
  7902 | D:8      | Killed a two-headed ogre
  7903 | D:8      | Reached skill level 1 in Shields
  7903 | D:8      | Reached skill level 1 in Translocations
  7903 | D:8      | Reached XP level 11. HP: 76/102 MP: 10/10
  7918 | D:9      | Killed a two-headed ogre
  8342 | D:9      | Found a bloodstained altar of Trog.
  8427 | D:9      | Reached skill level 15 in Unarmed Combat
  8602 | D:10     | Found a hazy altar of Hepliaklqana.
  8807 | D:10     | Lost mutation: Your spells are harder to cast, but more
                  | powerful. [Jiyva's grace]
  8807 | D:10     | Lost mutation: Your body is covered in eyes which may
                  | confuse attackers. (Acc +7, SInv) [Jiyva's grace]
  8807 | D:10     | Lost mutation: You expend magic power (3 MP) to strengthen
                  | your wands. [Jiyva's grace]
  8807 | D:10     | Gained mutation: You possess an exceptional clarity of
                  | mind. [Jiyva's grace]
  8807 | D:10     | Gained mutation: Your melee attacks may engulf your foes in
                  | ooze. [Jiyva's grace]
  8807 | D:10     | Gained mutation: Your translucent skin slightly reduces
                  | your foes' accuracy. (Stealth+) [Jiyva's grace]
  8807 | D:10     | Gained mutation: Your translucent skin reduces your foes'
                  | accuracy. (Stealth+) [Jiyva's grace]
  8963 | D:11     | Noticed a two-headed ogre
  8977 | D:11     | Killed a two-headed ogre
  9216 | D:11     | Noticed a tengu warrior
  9221 | D:11     | Killed a tengu warrior
  9483 | D:12     | Found a staircase to the Orcish Mines.
  9627 | D:12     | Noticed a two-headed ogre
  9631 | D:12     | Killed a two-headed ogre
  9632 | D:12     | Reached skill level 5 in Shields
  9640 | D:12     | Noticed a cyan ugly thing
  9650 | D:12     | Killed a cyan ugly thing
  9688 | D:12     | Slain by a manticore

Illustrated notes

Levels and vault maps discovered:
D:1:      dpeg_chamrin_arrival_tetris, layout_basic,
          shapermc_ecumenical_altar_venn, minmay_misc_feat_doors, minivault_19,
          corexii_corridor_pit
D:2:      layout_rooms, minmay_nonomino_d4
D:3:      layout_loops_ring, mainiacjoe_overflow_big_doors,
          mainiacjoe_overflow_alcove_4, minmay_misc_feat_encased,
          minmay_hedge_maze, uniq_sigmund
D:4:      layout_cave_pools, nicolae_gozag_zags_fifth_avenue,
          portal_sewer_entry_b
D:5:      layout_rooms, gup_ossuary_entry_pyramid, uniq_grinder
D:6:      layout_basic, lemuel_coloured_pillars_altar, uniq_pikel, uniq_maggie
D:7:      layout_cave_pools, lemuel_tele_altar,
          minmay_temple_entry_stoned_glass, serial_gnoll_camp,
          gnoll_camp_mini_hut, gnoll_camp_mini_doghouse, grums_kennel,
          gnoll_camp_mini_hut, gnoll_camp_huts_basic, gnoll_camp_mini_sergeant,
          uniq_harold
D:8:      layout_cave_pods, yredelemnul_altar_generic,
          gammafunk_temple_overflow_claw
D:9:      layout_long_grid, lemuel_doored_altar, minivault_1
D:10:     layout_roguey, mainiacjoe_overflow_paths, erik_lair_orcish_takeover,
          minmay_door_square, st_stairs_11, minmay_gold_behind_fungi,
          hangedman_fish_farm
D:11:     layout_basic
D:12:     layout_basic
Temple:   jpeg_temple_alley_garden

Skill      XL: |  1  2  3  4  5  6  7  8  9 10 11 |
---------------+----------------------------------+-----
Dodging        | 2 3 4 5 |  5.0
Fighting       | 3 4 5 |  5.0
Unarmed Combat | 3 4 6 9 12 14 15 | 15.0
Shields        | 1 5 |  5.3
Translocations | 1 4 |  4.9
Stealth        | |  2.7

Action                   |  1- 3 |  4- 6 |  7- 9 | 10-12 || total
-------------------------+-------+-------+-------+-------++-------
Melee: Unarmed           |    43 |   140 |   360 |   215 ||   758
       Punch             |     2 |     7 |    17 |    19 ||    45
       Kick              |       |       |    42 |    70 ||   112
Invok: Oozemancy         |       |       |       |     1 ||     1
Evoke: Wand              |       |       |       |     2 ||     2
  Use: Scroll            |     1 |       |       |     4 ||     5
       Potion            |       |       |       |     1 ||     1
 Stab: Sleeping          |     1 |     2 |    19 |     7 ||    29
       Distracted        |       |     1 |     1 |       ||     2
       Confused          |       |       |     3 |    10 ||    13
Armor: Robe              |     2 |    33 |    49 |       ||    84
       Steam dragon scal |       |       |    44 |    52 ||    96
       Acid dragon scale |       |       |       |    10 ||    10
Dodge: Dodged            |    10 |    66 |   205 |   133 ||   414
